Map: Port Aleksander LE

Players

Clem

  • Race: Terran Terran
  • Spawn Location: 11:00

MaNa - Winner!

  • Race: Protoss Protoss
  • Spawn Location: 5:00

Event: 2019 WCS Spring

VOD

Have the link to the VOD?

Description

Time

  • Played on: May 17, 2019, 9:49 a.m.
  • Length: 10:18

All games in this series

Show
View Real Time Build Order
Export as new Build Order

Clem Terran 

Build Orders: Gas First Reaper Expand, Liberator Opening 

Get SALT Encoding   

  12  0:01  SCV  
  13  0:13  SCV  
  14  0:18  Supply Depot  
  14  0:25  SCV  
  15  0:29  Refinery  
  15  0:39  SCV  
  16  0:45  Barracks  
  16  0:51  SCV  
  17  1:03  SCV  
  18  1:16  SCV  
  19  1:32  Reaper, Orbital Command  
  20  1:46  Command Center  
  20  1:59  Factory  
  20  2:03  SCV  
  20  2:07  Barracks Reactor  
  21  2:15  SCV  
  22  2:19  Supply Depot  
  22  2:22  Refinery  
  22  2:27  SCV  
  23  2:41  SCV  
  23  2:43  Marine x2  
  26  2:45  Starport  
  26  2:50  Widow Mine  
  28  2:53  SCV  
  29  3:02  Orbital Command  
  29  3:03  Marine  
  30  3:06  Marine  
  30  3:09  SCV  
  32  3:12  Factory Tech Lab  
  32  3:21  SCV, Marine  
  32  3:23  Marine  
  34  3:27  Viking  
  34  3:30  SCV  
  37  3:37  Siege Tank  
  37  3:39  SCV  
  41  3:44  Marine x2  
  41  3:45  SCV  
  44  3:53  Supply Depot  
  44  3:57  Liberator  
  44  4:06  Marine x2  
  44  4:08  Supply Depot  
  46  4:14  SCV x2  
  51  4:20  Supply Depot  
  51  4:22  Siege Tank  
  54  4:29  Marine x2  
  54  4:30  SCV x2  
  58  4:39  Supply Depot  
  58  4:43  SCV x2  
  60  4:47  Marine x2  
  62  4:55  Siege Tank  
  62  4:57  SCV, Supply Depot  
  62  4:58  SCV  
  67  5:01  Viking  
  67  5:05  Marine x2  
  71  5:10  Barracks  
  71  5:16  SCV x2  
  71  5:17  Barracks  
  73  5:22  Supply Depot  
  73  5:23  Marine  
  72  5:31  Siege Tank  
  72  5:33  Marine  
  72  5:34  SCV  
  63  5:40  Marine  
  61  5:49  SCV, Starport Tech Lab  
  58  5:50  SCV, Marine  
  56  5:58  Marine  
  56  6:03  Engineering Bay  
  57  6:04  SCV  
  57  6:08  Stimpack  
  57  6:09  SCV  
  57  6:10  Marine  
  60  6:18  Combat Shield  
  60  6:20  Marine x3  
  60  6:22  SCV  
  60  6:24  SCV  
  65  6:26  Refinery  
  65  6:33  Marine  
  65  6:35  SCV  
  65  6:36  SCV  
  65  6:38  Marine  
  69  6:42  Refinery  
  69  6:44  Terran Infantry Weapons Level 1, Marine x2  
  71  6:47  SCV  
  71  6:48  SCV  
  71  6:51  Marine  
  74  6:54  Supply Depot  
  74  6:59  SCV, Barracks x2  
  74  7:01  Starport Reactor  
  75  7:02  Factory Reactor  
  75  7:03  Marine  
  75  7:06  Marauder  
  75  7:07  SCV  
  79  7:09  Marauder  
  79  7:12  Marine  
  79  7:13  Supply Depot  
  82  7:21  Marine  
  83  7:27  Supply Depot  
  83  7:28  Marauder  
  85  7:30  Marauder, Marine  
  85  7:37  Supply Depot  
  88  7:38  Medivac x2  
  88  7:39  Concussive Shells, Marine  
  88  7:41  Widow Mine  
  88  7:43  Widow Mine  
  97  7:47  Barracks Tech Lab  
  97  7:48  Marine, Barracks Reactor  
  97  7:50  Supply Depot  
  98  7:55  Marauder x2  
  102  8:00  Marine, Supply Depot  
  102  8:02  Widow Mine  
  102  8:04  Widow Mine  
  107  8:08  Medivac  
  109  8:12  Supply Depot  
  109  8:15  Medivac  
  109  8:16  Marine  
  109  8:18  Marauder, Marine  
  115  8:21  Marauder  
  115  8:24  Marine x2  
  119  8:29  Widow Mine x2  
  123  8:34  Supply Depot  
  123  8:35  Marauder  
  123  8:39  Medivac  
  127  8:45  Marine x3  
  103  8:51  Marauder, Widow Mine x2  
  91  8:57  Marine x2  
  91  9:00  Medivac  
  93  9:04  Marauder  
  93  9:08  Marine x2  
  93  9:09  Marine  
  98  9:12  Widow Mine  
  98  9:13  Medivac  
  102  9:17  Marauder  
  102  9:18  Marauder  
  102  9:20  Widow Mine  
  108  9:29  Marine x2  
  108  9:30  Marauder, Marine  
  113  9:38  Marine  
  114  9:39  Marauder  
  114  9:40  Medivac, Widow Mine  
  114  9:42  Marauder  
  122  9:46  Widow Mine  
  122  9:49  Marine  
  122  9:50  Marine  
  122  9:51  Marauder  
  121  9:57  Marine x2  
Show
View Real Time Build Order
Export as new Build Order

MaNa Protoss - Winner!

Build Orders: 1 Gate Expand 

Get SALT Encoding   

  12  0:00  Probe  
  13  0:12  Probe  
  14  0:19  Pylon  
  14  0:24  Probe  
  15  0:33  Probe  
  15  0:37  Gateway  
  15  0:41  Probe  
  16  0:46  Assimilator  
  17  0:51  Probe  
  18  1:03  Probe  
  19  1:15  Probe  
  20  1:27  Nexus  
  20  1:34  Cybernetics Core  
  20  1:38  Probe  
  21  1:44  Assimilator  
  21  1:51  Probe  
  22  1:55  Pylon  
  22  2:03  Probe  
  22  2:04  Adept  
  23  2:15  Probe  
  26  2:20  Robotics Facility  
  26  2:26  Warp Gate  
  26  2:27  Probe  
  27  2:34  Adept  
  28  2:39  Probe  
  28  2:40  Probe  
  30  2:51  Probe  
  31  2:52  Probe  
  32  3:03  Probe  
  32  3:04  Probe  
  34  3:08  Observer  
  35  3:16  Gateway  
  35  3:17  Gateway  
  35  3:19  Probe x2  
  36  3:29  Warp Prism  
  36  3:31  Probe  
  39  3:34  Probe  
  40  3:49  Assimilator  
  40  3:51  Assimilator, Pylon  
  40  3:58  Probe x2  
  40  4:00  Pylon  
  42  4:04  Immortal  
  42  4:14  Sentry  
  42  4:15  Stalker  
  42  4:16  Observer, Stalker, Probe  
  52  4:17  Probe  
  54  4:24  Probe  
  54  4:26  Probe  
  56  4:38  Twilight Council  
  56  4:40  Observer  
  56  4:41  Forge  
  56  4:43  Probe  
  58  4:45  Probe  
  58  4:50  Pylon  
  58  4:51  Observer  
  59  4:58  Zealot  
  59  4:59  Shield Battery  
  61  5:06  Immortal  
  61  5:08  Zealot x2  
  61  5:12  Charge  
  65  5:17  Protoss Ground Armor Level 1  
  67  5:37  Stalker x3  
  67  5:40  Probe  
  67  5:45  Probe  
  66  5:52  Probe  
  60  5:57  Probe  
  60  6:03  Probe  
  61  6:07  Warp Prism  
  61  6:09  Probe  
  61  6:10  Observer  
  65  6:11  Probe  
  65  6:19  Probe  
  65  6:20  Templar Archives  
  65  6:22  Probe  
  67  6:30  Observer  
  67  6:31  Probe  
  68  6:34  Probe  
  68  6:36  Nexus  
  68  6:37  Psionic Storm  
  69  6:42  Pylon  
  69  6:44  Pylon  
  69  6:45  Observer  
  70  7:00  High Templar x3, Probe x2  
  78  7:04  Pylon  
  78  7:11  Gateway  
  78  7:12  Probe x2  
  80  7:19  Protoss Ground Weapons Level 1  
  80  7:22  Gateway  
  80  7:24  Blink  
  80  7:31  Gateway  
  80  7:34  High Templar x3  
  86  7:38  Gateway  
  86  7:41  Probe x2  
  88  7:48  Probe  
  88  7:51  Pylon  
  88  8:00  Immortal  
  88  8:03  Probe x3  
  88  8:05  Shield Battery  
  95  8:11  Zealot, High Templar x2  
  101  8:13  Zealot  
  101  8:17  Archon  
  101  8:19  Probe x3, Pylon  
  106  8:23  Zealot  
  108  8:33  Zealot x4  
  116  8:38  Pylon  
  116  8:44  Archon  
  104  8:50  Zealot x3  
  96  8:59  Stalker x4  
  100  9:05  Warp Prism  
  100  9:06  Observer  
  100  9:11  High Templar  
  100  9:12  High Templar  
  103  9:18  Assimilator  
  103  9:19  Assimilator  
  103  9:22  Sentry  
  105  9:24  Stalker, Zealot  
  105  9:25  Zealot x2  
  105  9:27  Probe  
  105  9:29  Shield Battery  
  114  9:32  Photon Cannon  
  114  9:34  Probe x2  
  116  9:46  Zealot x4  
  120  9:55  Stalker  
  120  9:56  Stalker  
  120  9:58  Zealot  
Tags
 
Add a new tag
Caveats
  • Supply blocks, unpowered buildings, or Contaminate may cause inaccurate times.
  • Supply counts are checked every 10 seconds.